 Dungeon Crawl Stone Soup version 0.28.0-49-g6dfe1f597d (webtiles) character file.

Game seed: 6407327084996180464

56 101zpm the Firebug (level 3, 0/28 HPs)
             Began as a Naga Fire Elementalist on May 18, 2022.
             Slain by an orc
             ... wielding a +0 club
              (2 damage)
             ... on level 2 of the Dungeon.
             The game lasted 00:04:41 (1402 turns).

101zpm the Firebug (Naga Fire Elementalist)         Turns: 1402, Time: 00:04:41

Health: 0/28       AC:  2    Str: 10    XL:     3   Next: 97%
Magic:  3/6        EV: 10    Int: 17    God:
Gold:   82         SH:  0    Dex: 11    Spells: 4/7 levels left

rFire   + . .      SeeInvis +   i - +0 mace
rCold   . . .      Faith    .   (no shield)
rNeg    . . .      Spirit   .   a - +0 robe
rPois   +          Reflect  .   (no helmet)
rElec   .          Harm     .   (no cloak)
rCorr   .          Rampage  .   (no gloves)
Will    .....                   (no barding)
Stlth   ++........              (no amulet)
HPRegen 0.09/turn               e - ring of protection from fire
MPRegen 0.10/turn               (no ring)

@: very slow
A: AC +1, large, see invisible, deformed body, poison resistance, slowness 2,
spit poison 1, naga tail 1
a: Spit Poison


You were on level 2 of the Dungeon.
You visited 1 branch of the dungeon, and saw 2 of its levels.

You collected 82 gold pieces.

Inventory:

Hand Weapons
 i - a +0 mace (weapon)
Armour
 a - a +0 robe (worn)
Jewellery
 e - a ring of protection from fire (left hand)
Scrolls
 b - a scroll of brand weapon {unknown}
 d - a scroll of identify {unknown}
 h - a scroll of vulnerability {unknown}
Potions
 c - a potion of cancellation {unknown}
 f - a potion of haste {unknown}
 g - 2 potions of brilliance {unknown}
 j - 2 potions of might {unknown}


   Skills:
 + Level 0.1 Fighting
 + Level 1.9 Dodging
 + Level 3.4 Stealth
 + Level 2.5 Spellcasting
 + Level 1.4 Conjurations
 + Level 3.7 Fire Magic


You had 4 spell levels left.
You knew the following spells:

 Your Spells              Type           Power      Damage    Failure   Level
a - Foxfire               Conj/Fire      40%        2x1d6     6%          1
b - Scorch                Fire           28%        2d6       6%          2

Your spell library contained the following spells:

 Spells                   Type           Power      Damage    Failure   Level
 Conjure Flame            Conj/Fire      10%        6-21      19%         3
 Inner Flame              Hex/Fire       8%         N/A       26%         3
 Flame Wave               Conj/Fire      10%        2d5       54%         4


Dungeon Overview and Level Annotations

Branches:
Dungeon (2/15)

Altars:


Innate Abilities, Weirdness & Mutations

Your serpentine skin is tough. (AC +1)
You have supernaturally acute eyesight. (SInv)
Armour fits poorly on your strangely shaped body.
Your system is resistant to poisons. (rPois)
You cover ground very slowly.
You can spit poison.
You have a snake-like lower body.


Message History

The bat hits you.
An orc priest comes into view. It is wielding a +0 dagger.
The orc hits you with a +0 club.
The orc priest shouts!
The orc priest calls upon Beogh to heal the orc.
The orc is healed somewhat.
The orc hits you with a +0 club.
The orc priest hits you with a +0 dagger.
Casting: Foxfire (safe; 7% risk of failure)
Confirm with . or Enter, or press ? or * to list all spells.
Flames lash the orc priest.
The orc priest is heavily wounded.
The orc priest's fire resistance burns away.
The orc barely misses you. The orc hits you but does no damage.
The orc priest hits you with a +0 dagger.
Casting: Scorch (safe; 7% risk of failure)
Confirm with . or Enter, or press ? or * to list all spells.
You don't have enough magic to cast this spell.
Casting: Foxfire (safe; 7% risk of failure)
Press: ? - help, Q - select action, (/) - cycle Dir - look around, f - activate You conjure some foxfire!
The orc closely misses you. The orc hits you with a +0 club.
The orc priest hits you with a +0 dagger.
The foxfire hits the orc priest.
The orc priest is burned terribly!
The orc priest is almost dead.
The foxfire hits the orc priest.
The orc priest is burned terribly!
You kill the orc priest!
The orc hits you with a +0 club.
* * * LOW HITPOINT WARNING * * *
The orc hits you with a +0 club.
* * * LOW HITPOINT WARNING * * *
The orc hits you with a +0 club.
* * * LOW HITPOINT WARNING * * *
The orc hits you with a +0 club.
* * * LOW HITPOINT WARNING * * *
The orc hits you with a +0 club.
* * * LOW HITPOINT WARNING * * *
There is an open door here.
The orc closely misses you. The orc hits you with a +0 club.
You die...

#.... #.... ##########
#.... #........# #....
#........########....
#........'...........
###........############
#......o...#
#.....@o...#
#..........#
#...######## #...#
#...#########
#...........#
###.........##
#..........#
#..........#


You could see 2 orcs.

Vanquished Creatures
  An orc priest (D:2)
  A worm (D:2)
  A dart slug (D:1)
  4 ball pythons (D:1)
  A bat (D:1)
  4 endoplasms
  2 giant cockroaches
  3 frilled lizards
  4 kobolds
  A rat (D:1)
22 creatures vanquished.

Vanquished Creatures (others)
  70 foxfires
70 creatures vanquished.

Grand Total: 92 creatures vanquished

Notes
Turn   | Place    | Note
-------+----------+-------------------------------------------
     0 | D:1      | 101zpm the Naga Fire Elementalist began the quest for the
                  | Orb.
     0 | D:1      | Reached XP level 1. HP: 15/15 MP: 3/3
   288 | D:1      | Reached XP level 2. HP: 22/22 MP: 0/5
   706 | D:1      | Learned a level 2 spell: Scorch
  1223 | D:2      | Reached XP level 3. HP: 28/28 MP: 4/6
  1402 | D:2      | Slain by an orc

Illustrated notes

Levels and vault maps discovered:
D:1:      lemuel_arrival_funnel, layout_loops_corners, grunt_decor_junction
D:2:      layout_basic, dreamdust_ecumenical_altar_angels_and_demons

Action                   || total
-------------------------++-------
Melee: Mace              ||     4
 Cast: Foxfire           ||    48
       Scorch            ||     5
Armor: Robe              ||     9
Dodge: Dodged            ||    14
